 Dungeon Crawl Stone Soup version 0.27.1-34-g3ba077fa99 (webtiles) character file.

Game seed: 11171872700263818969

32 cbfl8 the Sneak (level 3, 0/33 HPs)
             Began as a Minotaur Delver on Jan 22, 2022.
             Succumbed to a hornet's poison
             ... on level 5 of the Dungeon.
             The game lasted 00:01:07 (184 turns).

cbfl8 the Sneak (Minotaur Delver)                    Turns: 184, Time: 00:01:08

Health: 0/33       AC: 10    Str: 16    XL:     3   Next: 10%
Magic:  2/2        EV:  9    Int:  8    God:
Gold:   0          SH:  0    Dex: 11    Spells: 2/2 levels left

rFire    . . .     SeeInvis .   a - +0 hand axe
rCold    . . .     Faith    .   (no shield)
rNeg     . . .     Spirit   .   i - +0 scale mail
rPois    .         Reflect  .   (helmet restricted)
rElec    .         Harm     .   (no cloak)
rCorr    .         Rampage  .   (no gloves)
Will     .....                  (no boots)
Stlth    +.........             (no amulet)
HPRegen  0.11/turn              m - +4 ring of protection
MPRegen  0.08/turn              (no ring)

@: lethally poisoned (0 -> -1)
A: horns 2, retaliatory headbutt
a: no special abilities


You were on level 5 of the Dungeon.
You visited 1 branch of the dungeon, and saw 1 of its levels.

Inventory:

Hand Weapons
 a - a +0 hand axe (weapon)
 n - a +2 vampiric dagger
Armour
 b - a +0 leather armour
 h - a +0 helmet
 i - a +0 scale mail (worn)
Magical Staves
 j - a staff of poison
Jewellery
 m - a +4 ring of protection (left hand)
Wands
 g - a wand of digging (3)
Scrolls
 c - a scroll of fog
 d - a scroll of magic mapping
 e - a scroll of fear
Potions
 f - a potion of haste


   Skills:
 + Level 4.1 Fighting
 + Level 2.5 Axes
 + Level 0.2 Armour
 + Level 2.2 Dodging
 + Level 4.6 Stealth


You had 2 spell levels left.
You didn't know any spells.
Your spell library was empty.

Dungeon Overview and Level Annotations

Branches:
Dungeon (5/15)
 Temple: D:4-7

Altars:

Shops:
D:5 =


Innate Abilities, Weirdness & Mutations

You have a pair of horns on your head.
You reflexively headbutt those who attack you in melee.


Message History

You feel very sick. The hornet stings you.
You feel as though you will be slow longer.
The hornet completely misses you.
The hornet stings you but does no damage.
You hit the hornet.
The hornet is lightly wounded.
* * * LOW HITPOINT WARNING * * *
You feel very sick.
The hornet stings you but does no damage. x2
Unknown command.
Okay, then.
As you read the scroll labelled RUGECA HETAE, it crumbles to dust.
You feel strangely unstable.
It was a scroll of teleportation.
You feel yourself speed up.
* * * LOW HITPOINT WARNING * * *
You feel sick.
The hornet stings you but does no damage.
The hornet stings you.
* * * LOW HITPOINT WARNING * * *
You feel yourself slow down.
The hornet stings you but does no damage.
* * * LOW HITPOINT WARNING * * *
You feel sick. The hornet barely misses you. You furiously retaliate!
You headbutt the hornet.
You feel yourself speed up.
Your surroundings suddenly seem different.
Found a stone staircase leading up.
* * * LOW HITPOINT WARNING * * *
You feel sick.
There is a lethal amount of poison in your body!
There is a lethal amount of poison in your body!
There is a lethal amount of poison in your body!
There is a lethal amount of poison in your body!
There is a lethal amount of poison in your body!
Blink to where?
Press: ? - help, Dir - move target
As you read the scroll labelled GEXZIM TOSSIS, it crumbles to dust.
It was a scroll of blinking.
You die...

#. #. #. #.
#. #### #.#
... ##.##
#.##..ยง###
#.@.......#
####...####
##.## #.#
#. #. #.


There were no monsters in sight!

Vanquished Creatures
  A hound (D:5)
  A dart slug (D:5)
  An orc (D:5)
3 creatures vanquished.

Notes
Turn   | Place    | Note
-------+----------+-------------------------------------------
     0 | D:5      | cbfl8 the Minotaur Delver began the quest for the Orb.
     0 | D:5      | Reached XP level 1. HP: 19/19 MP: 0/0
    42 | D:5      | Found Xohanun's Jewellery Emporium.
   110 | D:5      | Noticed a hound
   116 | D:5      | Killed a hound
   117 | D:5      | Reached XP level 2. HP: 24/27 MP: 1/1
   117 | D:5      | Reached XP level 3. HP: 29/33 MP: 2/2
   170 | D:5      | Noticed a hornet
   175 | D:5      | Paralysed by a hornet for 3 turns
   183 | D:5      | HP: 1/33 [poisoned by a hornet]
   184 | D:5      | Succumbed to a hornet's poison

Illustrated notes

Levels and vault maps discovered:
D:5:      layout_loops_ring, serial_co_window_serial,
          co_window_of_opportunity_a, co_window_corner_a, co_window_paths_a,
          co_window_paths_b, co_window_of_opportunity_a, co_window_paths_a,
          co_window_paths_a, co_window_corner_ca, co_window_of_opportunity_c,
          co_window_unsneaky_path_d, co_window_2corner, co_window_2corner,
          glass_columns_b, minmay_shop_enchanted_jewellery

Skill      XL: |  1 |
---------------+----+-----
Fighting       | 4 |  4.1
Axes           | |  2.5
Armour         | |  0.2
Dodging        | |  2.2
Stealth        | |  4.6

Action                   || total
-------------------------++-------
Melee: Hand axe          ||    14
  Use: Scroll            ||     2
Armor: Scale mail        ||    15
Dodge: Dodged            ||    10
